 Dungeon Crawl Stone Soup version 0.30.1-11-g7821555f0a (webtiles) character file.

Game seed: 4867070814077307693

26064 testeroni the Cleaver (level 12, 0/175 HPs)
             Began as a Minotaur Fighter on Dec 9, 2023.
             Was a Priest of Trog.
             Collided with a deep elf zephyrmancer (20 damage)
             ... caused by a deep elf knight
             ... led by a deep elf high priest
             ... on level 1 of the Elven Halls on Dec 10, 2023.
             The game lasted 00:57:05 (29703 turns).

testeroni the Cleaver (Minotaur Fighter)           Turns: 29703, Time: 00:57:06

Health: 0/175      AC: 31    Str: 32 (33) XL:     12   Next: 95%
Magic:  9/9        EV:  6    Int:  7      God:    Trog [***...]
Gold:   930        SH:  5    Dex:  7      Spells: 11/11 levels left

rFire   + . .        u - +1 war axe (heavy)
rCold   . . .        (no shield)
rNeg    . . .        c - +2 crystal plate armour
rPois   .            (helmet restricted)
rElec   .            (no cloak)
rCorr   .            r - +2 pair of gloves
SInv    .            (no boots)
Will    +....        b - amulet of reflection Stlth
                     s - ring of willpower
HPRegen 0.49/turn    h - +4 ring of protection
MPRegen 0.11/turn

%: reflection
@: berserking (expiring), very quick
A: horns 2, retaliatory headbutt, talons 1, clever 1, deterioration 1, fire
resistance 1, low MP 1, strong 2
a: Renounce Religion, Berserk, Trog's Hand


You were on level 1 of the Elven Halls.
You worshipped Trog.
Trog was most pleased with you.
You visited 4 branches of the dungeon, and saw 15 of its levels.

You collected 3079 gold pieces.
You spent 2149 gold pieces at shops.

Inventory:

Hand Weapons
 m - a +4 battleaxe of protection
 u - a +1 heavy war axe (weapon)
Missiles
 f - 37 poisoned darts (quivered)
Armour
 c - a +2 crystal plate armour (worn)
 r - a +2 pair of gloves (worn)
Jewellery
 b - an amulet of reflection (around neck)
 h - a +4 ring of protection (right hand)
 i - an amulet of regeneration
 q - a ring of protection from cold
 s - a ring of willpower (left hand)
Wands
 a - a wand of digging (5)
 k - a wand of polymorph (11)
Scrolls
 g - 3 scrolls of fear
 j - a scroll of torment
 p - a scroll of magic mapping
 t - a scroll of teleportation
 w - a scroll of summoning
 x - a scroll of fog
 y - a scroll of silence
Potions
 l - a potion of attraction
 n - 2 potions of curing
 o - 2 potions of ambrosia
 v - 3 potions of lignification
 z - a potion of resistance
 A - a potion of magic


   Skills:
 + Level 14.0 Fighting
 + Level 14.1 Axes
 + Level 13.1 Armour
 + Level 13.1 Shields


You had 11 spell levels left.
You didn't know any spells.
Your spell library contained the following spells:

 Spells                   Type           Power      Damage    Failure   Level
 Frozen Ramparts          Ice            0%         1d1       100%        3
 Ice Form                 Ice/Tmut       0%         N/A       100%        4
 Summon Ice Beast         Ice/Summ       0%         N/A       100%        4


Dungeon Overview and Level Annotations

Branches:
Dungeon (11/15)            Temple (1/1) D:4            Lair (0/5) D:11
    Orc (2/2) D:11            Elf (1/3) Orc:2

Altars:
Ashenzari
Cheibriados
Dithmenos
Elyvilon
Fedhas
Gozag
Hepliaklqana
Kikubaaqudgha
Makhleb
Nemelex Xobeh
Okawaru
Qazlal
Ru
Sif Muna
Trog
Uskayaw
Vehumet
Wu Jian
Xom
Yredelemnul
Zin
The Shining One

Shops:
D:1 =[(*   D:11 =   Orc:2 ((((


Innate Abilities, Weirdness & Mutations

You have a pair of horns on your head.
You reflexively headbutt those who attack you in melee.
You have sharp toenails.
Your mind is acute. (Int +4, Str/Dex -1)
Your body sometimes deteriorates upon taking damage.
Your flesh is heat resistant. (rF+)
Your magical capacity is low. (-10% MP)
Your muscles are very strong. (Str +8, Int/Dex -2)


Message History

The deep elf annihilator gestures at you while chanting.
The iron shot hits you!!! Something hits you.
A red film seems to cover your vision as you go berserk!
You feel yourself moving faster!
You feel mighty!
The deep elf annihilator hits you with a +0 dagger!
You are too berserk!
Unknown command.
You are too berserk!
You slash the deep elf annihilator!
Your kick misses the deep elf annihilator.
You headbutt the deep elf annihilator.
The deep elf annihilator is severely wounded.
You slice something!! Something hits you but does no damage.
The deep elf zephyrmancer casts a spell.
The deep elf zephyrmancer blinks!
The deep elf annihilator gestures wildly while chanting.
The deep elf annihilator blinks!
The deep elf zephyrmancer gestures at you while chanting.
The bolt of lightning hits you!!
You feel a strong urge to attack something.
You hit the deep elf zephyrmancer. You claw the deep elf zephyrmancer.
The deep elf zephyrmancer is lightly wounded.
Something blocks your attack.
The deep elf zephyrmancer hits you but does no damage.
You hear some strange, mumbled words.
A shard of ice appears from out of thin air!
The shard of ice hits you!!
* * * LOW HITPOINT WARNING * * *
You completely miss something. Your headbutt misses something.
You slice the deep elf zephyrmancer!! Something hits you but does no damage.
The deep elf zephyrmancer hits you but does no damage.
You closely miss something. You slash the deep elf zephyrmancer!
You hear some strange, mumbled words.
A lance of force appears from out of thin air!
The lance of force hits you!!
* * * LOW HITPOINT WARNING * * *
You are knocked back by the lance of force.
You collide with the deep elf zephyrmancer!
The deep elf zephyrmancer dies!
You die...

##.#####'##
##.## #.#
##)## #.#
##.## #.#
#####<##
#.# #.##e##
#+# ##.#'##
#.{.##
+.@.# ##).+
####


You could see a deep elf annihilator.

Vanquished Creatures
  2 ogre magi (Orc:2)
  10 two-headed ogres
  An orc high priest (Orc:2)
  2 deep trolls (Orc:2)
  3 orc knights
  A deep elf zephyrmancer (Elf:1)
  An orc sorcerer (Orc:2)
  2 cyclopes (Orc:2)
  A gargoyle (D:10)
  11 trolls
  Grinder (D:6)
  11 yaks
  2 shadows (D:11)
  2 wyverns
  A wraith (D:9)
  2 basilisks (D:11)
  2 steam dragons (D:7)
  Edmund (D:5)
  Menkaure (D:6)
  5 wargs
  2 acid dragons
  Duvessa (D:6)
  3 water moccasins
  3 sky beasts (D:7)
  15 orc warriors
  4 black bears
  2 ice beasts
  18 ogres
  3 phantoms
  3 wolves (D:11)
  2 centaurs
  2 kobold brigands
  2 bullfrogs (D:7)
  2 gnoll sergeants
  A scorpion (D:7)
  3 wights
  Dowan (D:6)
  6 killer bees
  2 howler monkeys
  3 electric eels (D:9)
  6 hounds
  A gnoll bouda (D:7)
  15 orc priests
  A jelly (D:5)
  Jessica (D:2)
  A sleepcap (D:5)
  Natasha (thrice) (D:2)
  3 iguanas
  15 orc wizards
  8 ogre zombies (D:11)
  14 gnolls
  10 adders
  A shadow imp (D:8)
  A white imp (D:7)
  4 worms
  48 orcs
  7 endoplasms
  3 giant cockroaches
  6 goblins
  6 hobgoblins
  14 kobolds
  4 quokkas
  5 ball pythons
  9 bats
  5 frilled lizards
  A goblin skeleton (D:11)
  2 goblin zombies (D:11)
  2 hobgoblin skeletons (D:11)
  2 hobgoblin zombies (D:11)
  An orc skeleton (D:11)
  17 orc zombies (D:11)
  5 rats
361 creatures vanquished.

Vanquished Creatures (others)
  A deep elf pyromancer (Elf:1)
  A deep elf zephyrmancer (Elf:1)
  An orc (Orc:2)
3 creatures vanquished.

Grand Total: 364 creatures vanquished

Notes
Turn   | Place    | Note
-------+----------+-------------------------------------------
     0 | D:1      | testeroni the Minotaur Fighter began the quest for the Orb.
     0 | D:1      | Reached XP level 1. HP: 19/19 MP: 0/0
    58 | D:1      | Found Laecija's Armour Emporium.
    58 | D:1      | Noticed an animated gold dragon scales
    58 | D:1      | Noticed an animated storm dragon scales
    88 | D:1      | Found Waareedd's Jewellery Shop.
   158 | D:1      | Reached XP level 2. HP: 22/27 MP: 1/1
   231 | D:1      | Found a faded altar of an unknown god.
   231 | D:1      | Noticed a balrug
   287 | D:1      | Found Foisod Baop's Weapon Shop.
   324 | D:1      | Found Pak Xutz's General Store.
   639 | D:1      | Prayed at the altar of an unknown god.
   639 | D:1      | Became a worshipper of Xom of Chaos
   687 | D:2      | Noticed Natasha
   690 | D:2      | Killed Natasha
   691 | D:2      | Reached XP level 3. HP: 26/34 MP: 2/2
   740 | D:2      | You fall into a shaft and drop 1 floor!
   799 | D:2      | Noticed Jessica
   805 | D:2      | Killed Jessica
   806 | D:2      | Reached skill level 5 in Fighting
   806 | D:2      | Reached XP level 4. HP: 40/42 MP: 3/3
   834 | D:2      | XOM: silly message
   857 | D:2      | Noticed Natasha
   858 | D:2      | XOM: silly message
   865 | D:2      | Killed Natasha
   897 | D:2      | XOM: divination: magic mapping
   938 | D:2      | Noticed Natasha
   944 | D:2      | Killed Natasha
   945 | D:2      | Reached XP level 5. HP: 41/48 MP: 4/4
  1316 | D:2      | XOM: cloud trail
  1326 | D:2      | XOM: god gift: battleaxe {god gift}
  1347 | D:3      | XOM: god gift: scroll labelled AFUNWYO YPOAX {god gift}
  1572 | D:3      | XOM: silly message
  1776 | D:3      | XOM: noise
  1833 | D:3      | Reached skill level 5 in Axes
  2170 | D:4      | XOM: potion effect (might)
  2174 | D:4      | Reached XP level 6. HP: 53/57 MP: 5/5
  2273 | D:4      | XOM: scenery: create altars
  2386 | D:4      | XOM: 2-stop teleportation journey
  2457 | D:4      | Found a staircase to the Ecumenical Temple.
  2725 | D:4      | Reached XP level 7. HP: 62/64 MP: 6/6
  2734 | D:4      | XOM: scenery: create altars
  2843 | D:4      | XOM: silly message
  2862 | D:4      | XOM: divination: detect creatures
  2893 | D:4      | XOM: 5-stop teleportation journey
  3077 | D:4      | XOM: confusion (+ monsters)
  3389 | D:4      | XOM: give mutation
  3389 | D:4      | Gained mutation: You expend magic power (3 MP) to
                  | strengthen your wands. [Xom's grace]
  3478 | D:4      | XOM: torment (34/66 hp)
  3520 | D:4      | XOM: draining
  3737 | D:4      | XOM: divination: detect creatures
  3923 | D:4      | XOM: give mutations
  3923 | D:4      | Gained mutation: You are partially covered in iridescent
                  | scales. (AC +2) [Xom's grace]
  3923 | D:4      | Gained mutation: You passively map a small area around you.
                  | [Xom's grace]
  3923 | D:4      | Gained mutation: You possess an exceptional clarity of
                  | mind. [Xom's grace]
  3923 | D:4      | Gained mutation: You have very sharp teeth. [Xom's grace]
  4193 | D:4      | XOM: give mutation
  4193 | D:4      | Gained mutation: Your magical capacity is low. (-10% MP)
                  | [Xom's mischief]
  4351 | D:4      | XOM: noise
  4626 | D:4      | XOM is BORED!
  5602 | D:4      | XOM: give mutations
  5602 | D:4      | Gained mutation: You are dopey. (Int -2) [Xom's mischief]
  5602 | D:4      | Lost mutation: You are partially covered in iridescent
                  | scales. (AC +2) [Xom's mischief]
  5648 | D:4      | XOM: silly message
  6309 | D:4      | XOM: give mutations
  6309 | D:4      | Lost mutation: You are dopey. (Int -2) [Xom's mischief]
  6309 | D:4      | Lost mutation: You have very sharp teeth. [Xom's mischief]
  6517 | D:4      | XOM: torment (29/56 hp)
  6682 | Temple   | Entered the Ecumenical Temple
  7226 | Temple   | XOM: summons 4 hostile demons
  7227 | Temple   | Noticed a ynoxinul
  7227 | Temple   | Noticed a neqoxec
  7227 | Temple   | Noticed a ynoxinul
  7229 | Temple   | XOM: smoke on damage
  7318 | Temple   | Fell from the grace of Xom
  7318 | Temple   | Became a worshipper of Trog the Wrathful
  7387 | D:5      | Entered Level 5 of the Dungeon
  7586 | D:5      | XOM: summons 2 hostile demons
  7587 | D:5      | Noticed a ynoxinul
  7723 | D:5      | Identified a scroll of acquirement
  7723 | D:5      | Acquired 557 gold pieces
  8078 | D:1      | Bought a +4 heavy battleaxe for 471 gold pieces
  8285 | D:4      | Reached skill level 5 in Armour
  8285 | D:4      | Reached skill level 5 in Shields
  8608 | D:5      | Reached XP level 8. HP: 69/72 MP: 6/6
  8951 | D:5      | XOM: noise
  9153 | D:5      | XOM: torment (38/73 hp)
  9289 | D:5      | Noticed Edmund
  9302 | D:5      | Killed Edmund
 10596 | D:6      | Noticed Grinder
 10601 | D:6      | Paralysed by Grinder for 5 turns
 10627 | D:6      | Killed Grinder
 10719 | D:6      | Noticed Menkaure
 10726 | D:6      | Killed Menkaure
 10748 | D:6      | Found an iron altar of Okawaru.
 10757 | D:6      | Found an opulent altar of Gozag.
 10787 | D:6      | Noticed Dowan
 10789 | D:6      | Noticed Duvessa
 10791 | D:6      | Killed Dowan
 10791 | D:6      | Reached * piety under Trog
 10804 | D:6      | Killed Duvessa
 10805 | D:6      | Reached XP level 9. HP: 71/82 MP: 7/7
 10888 | D:6      | XOM: noise
 11776 | D:6      | Found a glowing silver altar of Zin.
 13836 | D:7      | XOM: stat loss: -3 Str (22/25)
 14099 | D:7      | XOM: give mutations
 14099 | D:7      | Gained mutation: You have sharp toenails. [Xom's mischief]
 14099 | D:7      | Lost mutation: You possess an exceptional clarity of mind.
                  | [Xom's mischief]
 14099 | D:7      | Lost mutation: You passively map a small area around you.
                  | [Xom's mischief]
 14099 | D:7      | Gained mutation: Your flesh is cold resistant. (rC+) [Xom's
                  | mischief]
 14591 | D:7      | XOM: summons 3 hostile shadow creatures
 14680 | D:7      | XOM: give mutations
 14680 | D:7      | Lost mutation: Your flesh is cold resistant. (rC+) [Xom's
                  | mischief]
 14680 | D:7      | Gained mutation: You are vulnerable to cold. (rC-) [Xom's
                  | mischief]
 14680 | D:7      | Gained mutation: Your body sometimes deteriorates upon
                  | taking damage. [Xom's mischief]
 14680 | D:7      | Gained mutation: Your flesh is heat resistant. (rF+) [Xom's
                  | mischief]
 14680 | D:7      | Gained mutation: Your muscles are strong. (Str +4, Int/Dex
                  | -1) [Xom's mischief]
 14855 | D:7      | XOM: give mutations
 14855 | D:7      | Lost mutation: You expend magic power (3 MP) to strengthen
                  | your wands. [Xom's mischief]
 14855 | D:7      | Lost mutation: You are vulnerable to cold. (rC-) [Xom's
                  | mischief]
 14855 | D:7      | Gained mutation: Your mind is acute. (Int +4, Str/Dex -1)
                  | [Xom's mischief]
 15590 | D:7      | Acquired 1137 gold pieces
 15759 | D:1      | Bought a +2 crystal plate armour for 1104 gold pieces
 15764 | D:1      | XOM: summons 1 hostile demon
 15824 | D:1      | Bought the orb of Sioxufam {mayhem, rPois} for 244 gold
                  | pieces
 15987 | D:8      | Found a white marble altar of Elyvilon.
 16071 | D:8      | XOM: summons 1 hostile demon
 16121 | D:8      | Found a shadowy altar of Dithmenos.
 16123 | D:8      | Found a blossoming altar of Fedhas.
 16200 | D:8      | XOM: give mutations
 16200 | D:8      | Gained mutation: You occasionally lose the ability to read
                  | scrolls when taking damage. [Xom's mischief]
 16200 | D:8      | Gained mutation: Your muscles are very strong. (Str +8,
                  | Int/Dex -2) [Xom's mischief]
 16354 | D:8      | XOM: scenery: create altars
 16429 | D:8      | Found a hazy altar of Hepliaklqana.
 16534 | D:8      | Reached skill level 10 in Axes
 16540 | D:8      | Reached XP level 10. HP: 77/93 MP: 8/8
 16542 | D:8      | Reached skill level 10 in Fighting
 16570 | D:8      | XOM: summons 1 hostile demon
 16642 | D:8      | Reached ** piety under Trog
 16675 | D:8      | Found an ornate altar of the Wu Jian Council.
 17669 | D:9      | XOM: noise
 17818 | D:9      | Found a broken altar of Ashenzari.
 18277 | D:1      | Bought an amulet of regeneration for 330 gold pieces
 18488 | D:9      | XOM: give mutation
 18488 | D:9      | Lost mutation: You occasionally lose the ability to read
                  | scrolls when taking damage. [Xom's mischief]
 18504 | D:10     | Entered Level 10 of the Dungeon
 18814 | D:10     | Noticed a gargoyle
 18819 | D:10     | XOM: swap monsters
 18823 | D:10     | Killed a gargoyle
 19350 | D:10     | Reached skill level 10 in Armour
 19542 | D:10     | Was forgiven by Xom
 19956 | D:10     | Reached skill level 10 in Shields
 20264 | D:11     | Found Ypholor's Jewellery Emporium.
 20675 | D:11     | Reached XP level 11. HP: 102/102 MP: 8/8
 20741 | D:11     | Found a staircase to the Lair.
 20782 | D:11     | Noticed a two-headed ogre
 20784 | D:11     | Reached *** piety under Trog
 20786 | D:11     | Killed a two-headed ogre
 20878 | D:11     | Found a staircase to the Orcish Mines.
 20968 | D:11     | Noticed a two-headed ogre
 20982 | D:11     | Killed a two-headed ogre
 21212 | Orc:1    | Entered Level 1 of the Orcish Mines
 21212 | Orc:1    | Noticed an orc knight
 21231 | D:11     | Killed an orc knight
 21291 | Orc:1    | Noticed an orc knight
 21355 | D:11     | Killed an orc knight
 21884 | Orc:1    | Found a dark tunnel.
 22308 | Orc:2    | Entered Level 2 of the Orcish Mines
 24463 | Orc:2    | Noticed a deep troll
 24595 | Orc:2    | Noticed a two-headed ogre
 24598 | Orc:2    | Killed a deep troll
 24602 | Orc:2    | Killed a two-headed ogre
 24916 | Orc:2    | Noticed a two-headed ogre
 24926 | Orc:2    | Killed a two-headed ogre
 25102 | Orc:2    | Reached XP level 12. HP: 99/113 MP: 9/9
 25627 | Orc:2    | Noticed a two-headed ogre
 25636 | Orc:2    | Killed a two-headed ogre
 25697 | Orc:2    | Noticed a two-headed ogre
 25707 | Orc:2    | Killed a two-headed ogre
 25746 | Orc:2    | Noticed a two-headed ogre
 25755 | Orc:2    | Killed a two-headed ogre
 25990 | Orc:2    | Reached **** piety under Trog
 26050 | Orc:2    | Noticed an orc high priest
 26056 | Orc:2    | Found a staircase to the Elven Halls.
 26478 | Orc:2    | Killed an orc high priest
 27087 | Orc:2    | Noticed a two-headed ogre
 27096 | Orc:2    | Killed a two-headed ogre
 27122 | Orc:2    | Noticed an ogre mage
 27130 | Orc:2    | Killed an ogre mage
 27378 | Orc:2    | Noticed a two-headed ogre
 27387 | Orc:2    | Killed a two-headed ogre
 28279 | Orc:2    | Noticed a two-headed ogre
 28285 | Orc:2    | Killed a two-headed ogre
 28572 | Orc:2    | Found Taps's Weapon Shoppe.
 28575 | Orc:2    | Found Ymetab's Weapon Emporium.
 28577 | Orc:2    | Found Juusor's Antique Weapon Boutique.
 28586 | Orc:2    | Found Kivecw's Antique Weapon Emporium.
 28589 | Orc:2    | Noticed an ogre mage
 28809 | Orc:2    | Killed an ogre mage
 29290 | Elf:1    | Entered Level 1 of the Elven Halls
 29665 | Elf:1    | Noticed a deep elf annihilator
 29665 | Elf:1    | Noticed a deep elf high priest
 29703 | Elf:1    | Collided with a deep elf zephyrmancer

Illustrated notes

Levels and vault maps discovered:
D:1:      denvon_arrival_planthouse, layout_rooms, serial_shops, shop,
          nicolae_shop_mannequins, nicolae_shop_waterfront, nicolae_shop_stone,
          dreamdust_ecumenical_altar_sealed_demon,
          hangedman_decor_clover_reticule
D:2:      layout_basic, uniq_jessica, uniq_natasha
D:3:      minmay_diamond_boxcup, layout_loops_ring, minmay_misc_feat_x
D:4:      layout_basic, minmay_temple_entry_antechambers
D:5:      layout_basic, uniq_edmund
D:6:      layout_rooms, grunt_gozag_statues, zin_statuary, kennysheep_mini_moat,
          chequers_serial_rivers_micro_e, uniq_grinder, uniq_duvessa,
          uniq_menkaure
D:7:      layout_loops_ring, enter_ossuary_5, grunt_decor_arrowhead,
          hangedman_decor_lopped, hangedman_misty_isle
D:8:      layout_basic, mainiacjoe_overflow_six_doors_small,
          nicolae_wu_jian_glorious_leap, mainiacjoe_overflow_catwalk,
          mainiacjoe_overflow_catwalk_spiral
D:9:      nicolae_moon_pools, layout_loops_ring, mainiacjoe_overflow_brackets
D:10:     layout_cave_pods
D:11:     layout_rooms, minmay_lair_entry_grove, zombieorc2_lemuel,
          minmay_shop_enchanted_jewellery
Temple:   hellmonk_temple_forest_ring
Orc:1:    layout_caves, enter_volcano_1
Orc:2:    st_orc_open, layout_diamond_mine
Elf:1:    layout_geoelf_grid, serial_shops, nicolae_shop_tiny_real_fake_doors,
          hangedman_elf_represent, grunt_megastairs_1

Skill      XL: |  1  2  3  4  5  6  7  8  9 10 11 12 |
---------------+-------------------------------------+-----
Fighting       | 4 5 6 7 8 9 11 12 14 | 14.0
Axes           | 3 4 5 6 7 8 10 11 12 14 | 14.1
Armour         | 4 5 6 8 10 11 13 | 13.1
Shields        | 4 5 6 8 10 11 13 | 13.1

Action                     |  1- 3 |  4- 6 |  7- 9 | 10-12 || total
---------------------------+-------+-------+-------+-------++-------
  Melee: War axe           |    51 |    97 |   123 |   166 ||   437
         Headbutt          |     4 |    16 |    47 |    51 ||   118
         Battleaxe         |       |       |   143 |   190 ||   333
         Kick              |       |       |     7 |    75 ||    82
 Invoke: Berserk           |       |       |     1 |    20 ||    21
    Use: Scroll            |       |     7 |    13 |     5 ||    25
         Potion            |       |       |    13 |     1 ||    14
 Armour: Scale mail        |    18 |    44 |    76 |       ||   138
         Chain mail        |       |       |   153 |       ||   153
         Crystal plate arm |       |       |    39 |   385 ||   424
  Dodge: Dodged            |    28 |    39 |   155 |   155 ||   377
  Block: Buckler           |    11 |    26 |    37 |       ||    74
         Other             |       |       |    56 |   126 ||   182
         Reflection        |       |       |     3 |     5 ||     8
